 Dungeon Crawl Stone Soup version 0.28.0-45-g0d030f2227 (webtiles) character file.

Game seed: 12221008337212432976

331 dianekeaton the Cleaver (level 6, -5/51 HPs)
             Began as a Hill Orc Fighter on Apr 2, 2022.
             Was an Initiate of Okawaru.
             Slain by an ogre
             ... wielding a +0 giant club
              (18 damage)
             ... on level 4 of the Dungeon.
             The game lasted 00:13:43 (3316 turns).

dianekeaton the Cleaver (Hill Orc Fighter)          Turns: 3316, Time: 00:13:43

Health: -5/51      AC: 12    Str: 21    XL:     6   Next: 51%
Magic:  6/6        EV:  7    Int:  8    God:    Okawaru [......]
Gold:   151        SH:  4    Dex: 10    Spells: 5/5 levels left

rFire   . . .      SeeInvis .   a - +0 war axe
rCold   . . .      Faith    .   c - +0 buckler
rNeg    . . .      Spirit   .   h - +2 chain mail {rPois}
rPois   +          Reflect  .   (no helmet)
rElec   .          Harm     .   (no cloak)
rCorr   .          Rampage  .   b - +0 pair of gloves
Will    .....                   (no boots)
Stlth   ..........              (no amulet)
HPRegen 0.17/turn               (no ring)
MPRegen 0.10/turn               (no ring)

@: no status effects
A: no striking features
a: Renounce Religion


You were on level 4 of the Dungeon.
You worshipped Okawaru.
Okawaru was noncommittal.
You visited 2 branches of the dungeon, and saw 5 of its levels.

You collected 151 gold pieces.

Inventory:

Hand Weapons
 a - a +0 war axe (weapon)
Missiles
 e - 50 stones (quivered)
 i - a throwing net
Armour
 b - a +0 pair of gloves (worn)
 c - a +0 buckler (worn)
 h - a +2 chain mail of poison resistance (worn)
Scrolls
 f - 4 scrolls of immolation {unknown}
 g - a scroll of fear {unknown}
 k - a scroll of teleportation {unknown}
Potions
 d - a potion of degeneration {unknown}
 j - a potion of curing {unknown}


   Skills:
 - Level 3.6 Fighting
 * Level 8.2 Axes
 + Level 0.7 Throwing
 - Level 3.2 Armour
 + Level 1.4 Dodging
 - Level 3.2 Shields


You had 5 spell levels left.
You didn't know any spells.
Your spell library contained the following spells:

 Spells                   Type           Power      Damage    Failure   Level
 Apportation              Tloc           0%         N/A       99%         1
 Magic Dart               Conj           0%         1d3       99%         1
 Mephitic Cloud           Conj/Pois/Air  0%         N/A       100%        3
 Portal Projectile        Hex/Tloc       0%         N/A       100%        3
 Blade Hands              Tmut           0%         N/A       100%        5
 Excruciating Wounds      Necr           0%         N/A       100%        5
 Animate Skeleton         Necr           Unusable   N/A       N/A         1
 Summon Small Mammal      Summ           Unusable   N/A       N/A         1
 Call Imp                 Summ           Unusable   N/A       N/A         2

Dungeon Overview and Level Annotations

Branches:
Dungeon (4/15)             Temple (1/1) D:4

Altars:
Ashenzari
Cheibriados
Elyvilon
Fedhas
Gozag
Hepliaklqana
Makhleb
Nemelex Xobeh
Okawaru
Sif Muna
Uskayaw
Vehumet
Wu Jian
Zin
The Shining One

Shops:
D:1 (


Message History

The adder bites you but does no damage. The adder closely misses you.
You barely miss the adder.
The adder is moderately wounded.
You block the adder's attack.
You closely miss the adder.
The adder is moderately wounded.
The adder closely misses you. You block the adder's attack.
You hit the adder.
The adder is heavily wounded.
The adder closely misses you.
You closely miss the adder.
The adder is heavily wounded.
The adder bites you but does no damage. The adder bites you.
You closely miss the adder.
The adder is heavily wounded.
The adder barely misses you.
You closely miss the adder.
The adder is heavily wounded.
You block the adder's attack.
You slash the adder!
You kill the adder!
Okawaru accepts your kill.
Throw: 51 stones
Press: ? - help, Q - select action, (/) - cycle Shift-Dir - straight line, f - ogre
Aim: an ogre, wielding a +0 giant club (72% to hit)
You throw a stone. The stone hits the ogre.
The ogre is lightly wounded.
The ogre hits you with a +0 giant club!!
You see here a quokka skeleton.
There is a stone staircase leading down here.
The ogre hits you with a +0 giant club. You block the ogre's attack.
The ogre hits you with a +0 giant club! The ogre hits you with a +0 giant club!
* * * LOW HITPOINT WARNING * * *
Okay, then.
Okay, then.
The ogre completely misses you.
The ogre hits you with a +0 giant club!!
You die...

#..............###....
#.....................
#.############.#######
#.#..........#.# #.
#.#.########.#.# #.
#.#.#<# #.#.# #.
#.#.#.# #.#.# #.
#.#.#.# #.#.# #.
#.#.#@######.#.# #.
#.#.#.O......#.# ##
#.#.##########.##
##.#.............#
#................#
################.# #.#
#.# #.#


You could see an ogre.

Vanquished Creatures
  A scorpion (D:4)
  Terence (D:2)
  A hound skeleton (D:4)
  Robin (D:2)
  9 gnolls
  6 adders
  3 worms
  An orc (D:4)
  10 ball pythons
  A bat (D:1)
  3 endoplasms
  2 giant cockroaches (D:1)
  6 hobgoblins
  7 jackals (D:1)
  5 kobolds (D:1)
  2 quokkas
  4 frilled lizards
  12 goblins
  4 rats
79 creatures vanquished.

Notes
Turn   | Place    | Note
-------+----------+-------------------------------------------
     0 | D:1      | dianekeaton the Hill Orc Fighter began the quest for the
                  | Orb.
     0 | D:1      | Reached XP level 1. HP: 19/19 MP: 1/1
    26 | D:1      | Reached skill level 3 in Axes
   166 | D:1      | Reached XP level 2. HP: 26/26 MP: 2/2
   247 | D:1      | Reached skill level 4 in Axes
   333 | D:1      | Reached XP level 3. HP: 25/31 MP: 3/3
   411 | D:1      | Found Wach's Weapon Shop.
   662 | D:1      | Reached skill level 5 in Axes
   757 | D:1      | Found a faded altar of an unknown god.
  1069 | D:2      | Reached XP level 4. HP: 39/39 MP: 4/4
  1076 | D:2      | Found a broken altar of Ashenzari.
  1076 | D:2      | Noticed Terence
  1098 | D:2      | Killed Terence
  1099 | D:2      | Reached skill level 1 in Dodging
  1211 | D:2      | HP: 1/39 [worm (8)]
  1213 | D:2      | Reached skill level 6 in Axes
  1586 | D:2      | Reached XP level 5. HP: 34/45 MP: 5/5
  1733 | D:2      | Noticed Robin
  1749 | D:2      | Killed Robin
  2186 | D:3      | Noticed an ice beast
  2266 | D:2      | Reached skill level 7 in Axes
  2494 | D:4      | Reached XP level 6. HP: 43/51 MP: 6/6
  2514 | D:4      | Reached skill level 8 in Axes
  2987 | D:4      | Found a staircase to the Ecumenical Temple.
  2999 | Temple   | Entered the Ecumenical Temple
  3062 | Temple   | Became a worshipper of Warmaster Okawaru
  3316 | D:4      | Slain by an ogre

Illustrated notes

Levels and vault maps discovered:
D:1:      amcnicky_arrival_wind_blow, layout_basic, serial_shops, shop,
          shapermc_ecumenical_altar_pompeii
D:2:      layout_basic, basic_altar, uniq_terence, uniq_robin
D:3:      layout_loops_corners, uniq_ijyb
D:4:      layout_basic, minmay_temple_entry_grid
Temple:   mainiacjoe_temple_coin_purse

Skill      XL: |  1  2  3  4  5  6 |
---------------+-------------------+-----
Axes           | 3 4 5 6 7 8 |  8.2
Dodging        | 1 |  1.4
Fighting       | |  3.6
Throwing       | |  0.7
Armour         | |  3.2
Shields        | |  3.2

Action                   |  1- 3 |  4- 6 || total
-------------------------+-------+-------++-------
Melee: War axe           |    69 |   152 ||   221
Throw: Stone             |     2 |    16 ||    18
  Use: Potion            |     1 |     1 ||     2
Armor: Scale mail        |    33 |    26 ||    59
       Chain mail        |       |    38 ||    38
Dodge: Dodged            |    32 |    56 ||    88
Block: Buckler           |    18 |    31 ||    49
